 Dungeon Crawl Stone Soup version 0.32-a0-485-g70f7560b1c (webtiles) character file.

Game seed: 8481845200761636145

209 Malificent the Chopper (level 5, -1/43 HPs)
             Began as a Gnoll Reaver on Feb 26, 2024.
             Was a Believer of Dithmenos.
             Splashed by a jelly's acid (11 damage)
             ... on level 4 of the Dungeon.
             The game lasted 00:10:12 (3277 turns).

Malificent the Chopper (Gnoll Reaver)               Turns: 3277, Time: 00:10:14

Health: -1/43      AC:  0    Str: 10    XL:     5   Next: 87%
Magic:  12/12      EV: 14    Int: 11    God:    Dithmenos [**....]
Gold:   136        SH:  5    Dex: 17    Spells: 13/14 levels left

rFire   . . .        f - +0 dagger
rCold   . . .        (no shield)
rNeg    . . .        b - +0 leather armour
rPois   .            (helmet restricted)
rElec   .            j - +0 cloak
rCorr   .            (no gloves)
SInv    .            x - +0 pair of boots
Will    +....        h - amulet of reflection
Stlth   ++           (no ring)
HPRegen 0.27/turn    (no ring)
MPRegen 0.13/turn

%: reflection
@: corroded, wreathed by umbra
A: fangs 1, strong nose, distributed training, antennae 1, iridescent scales 1,
agile 1, strong-willed 1
a: Renounce Religion, Shadow Step


You were on level 4 of the Dungeon.
You worshipped Dithmenos.
Dithmenos was pleased with you.
You visited 1 branch of the dungeon, and saw 4 of its levels.

You collected 136 gold pieces.

Inventory:

Hand Weapons
 a - a +0 hand axe
 f - a +0 dagger (weapon)
 i - a +0 long sword
Missiles
 l - 3 poisoned darts
 w - 6 atropa-tipped darts
Armour
 b - a +0 leather armour (worn)
 e - a +0 scale mail
 j - a +0 cloak (worn)
 t - the +3 ring mail "Zimmifo" {rF+ rC- rCorr Int+4}
   (You found it on level 4 of the Dungeon)

   Int+4:     It affects your intelligence (+4).
   rF+:       It protects you from fire.
   rC-:       It makes you vulnerable to cold.
   rCorr:     It protects you from acid and corrosion.
 x - a +0 pair of boots (worn)
Jewellery
 h - an amulet of reflection (around neck)
 v - an amulet of regeneration
Wands
 d - a wand of mindburst (12)
Scrolls
 g - a scroll of silence {unknown}
 m - 2 scrolls of teleportation
 q - a scroll of brand weapon {unknown}
 r - a scroll of blinking
 u - a scroll of enchant weapon {unknown}
Potions
 c - 2 potions of heal wounds
 k - 2 potions of curing {unknown}
 n - a potion of invisibility {unknown}
 o - 2 potions of brilliance
 p - a potion of ambrosia {unknown}
 s - a potion of lignification {unknown}


   Skills:
 + Level 4.9 Fighting
 + Level 1.7 Short Blades
 + Level 1.7 Long Blades
 + Level 6.7 Axes
 + Level 1.7 Maces & Flails
 + Level 1.7 Polearms
 + Level 1.7 Staves
 + Level 1.7 Ranged Weapons
 + Level 1.7 Throwing
 + Level 1.7 Armour
 + Level 4.9 Dodging
 + Level 1.7 Stealth
 + Level 1.7 Shields
 + Level 1.7 Unarmed Combat
 + Level 5.3 Spellcasting
 + Level 5.6 Conjurations
 + Level 1.3 Hexes
 + Level 1.3 Summonings
 + Level 1.3 Necromancy
 + Level 1.3 Translocations
 + Level 1.3 Fire Magic
 + Level 1.3 Ice Magic
 + Level 1.3 Air Magic
 + Level 1.3 Earth Magic
 + Level 1.3 Alchemy
 + Level 2.0 Invocations
 + Level 1.7 Evocations
 + Level 1.5 Shapeshifting


You had 13 spell levels left.
You knew the following spells:

 Your Spells              Type           Power      Damage    Failure   Level
a - Kiss of Death         Conj/Necr      40%        2d8       7%          1

Your spell library contained the following spells:

 Spells                   Type           Power      Damage    Failure   Level
 Momentum Strike          Conj/Tloc      20%        3d8       10%         2
 Hailstorm                Conj/Ice       10%        3d6       21%         3
 Blink                    Tloc           10%        N/A       24%         2
 Lesser Beckoning         Tloc           10%        N/A       24%         2
 Animate Dead             Necr           5%         N/A       83%         4
 Borgnjor's Vile Clutch   Necr/Erth      2%         N/A       99%         5
 Death Channel            Necr           2%         N/A       100%        6


Dungeon Overview and Level Annotations

Branches:
Dungeon (4/15)
 Temple: D:4-7

Altars:
Dithmenos
Ru


Innate Abilities, Weirdness & Mutations

You have very sharp teeth.
Your uncanny sense of smell can sniff out nearby items.
Your experience applies equally to all skills.
You have a pair of small antennae on your head.
You are partially covered in iridescent scales. (AC +2)
You are agile. (Dex +4, Str/Int -1)
You are strong-willed. (Will+)


Message History

Aiming: Kiss of Death (safe; 7% risk of failure)
Press: ? - help, Q - select action, (/) - cycle Shift-Dir - straight line, f - you
Okay, then.
The jelly quivers.
You completely miss the jelly. You bite the jelly, but do no damage.
The jelly barely misses you. The jelly attacks as it pursues you!
The jelly barely misses you.
You hit the jelly.
Your hands burn!
The jelly is lightly wounded.
The jelly hits you.
You are splashed with acid!
You hit the jelly.
Your hands burn!
The jelly is moderately wounded.
You block the jelly's attack.
You hit the jelly.
Your hands burn!
The jelly is heavily wounded.
You block the jelly's attack.
You hit the jelly.
Your hands burn!
The jelly is severely wounded.
The jelly closely misses you.
You hit the jelly.
Your hands burn!
The jelly is severely wounded.
You hit the jelly.
Your hands burn!
The jelly is severely wounded.
The jelly hits you but does no damage.
You hit the jelly. The acid corrodes you!
Your hands burn!
The jelly is almost dead.
You block the jelly's attack.
An endoplasm comes into view.
The endoplasm quivers.
You hit the jelly but do no damage.
Your hands burn!
You bite the jelly.
The jelly is almost dead.
You block the jelly's attack.
You hit the jelly but do no damage. The acid corrodes you!
Your hands burn!
* * * LOW HITPOINT WARNING * * *
You bite the jelly, but do no damage.
The jelly is almost dead.
The jelly hits you.
* * * LOW HITPOINT WARNING * * *
You are splashed with acid!
You die...

## ## #. .# .#.# ... #.#
################.##
................@.#
.###############J## .#
#.############ .#
#.#..........# .#
#.#.########.# .# #.#.#
#.# .# #J#.# #.# .#
######.#.# #.# .#
#######........########.#


You could see a jelly and an endoplasm.

Vanquished Creatures
  An orc priest (D:4)
  An iguana (D:3)
  An orc wizard (D:4)
  6 adders
  A dart slug (D:2)
  2 ribbon worms (D:3)
  4 orcs
  5 ball pythons
  4 endoplasms
  2 giant cockroaches
  7 goblins
  6 hobgoblins
  2 jackals (D:4)
  8 kobolds
  3 quokkas (D:1)
  6 bats
  3 frilled lizards
  9 rats
71 creatures vanquished.

Notes
Turn   | Place    | Note
-------+----------+-------------------------------------------
     0 | D:1      | Malificent the Gnoll Reaver began the quest for the Orb.
     0 | D:1      | Reached XP level 1. HP: 20/20 MP: 6/6
   195 | D:1      | Reached XP level 2. HP: 26/26 MP: 7/7
   469 | D:1      | Found a faded altar of an unknown god.
   514 | D:1      | Prayed at the altar of an unknown god.
   514 | D:1      | Became a worshipper of Dithmenos the Shadowed
   514 | D:1      | Reached * piety under Dithmenos
   721 | D:1      | Reached skill level 5 in Spellcasting
   721 | D:1      | Reached XP level 3. HP: 31/31 MP: 7/9
  1082 | D:2      | Reached skill level 1 in Invocations
  1576 | D:2      | Reached skill level 1 in Short Blades
  1576 | D:2      | Reached skill level 1 in Long Blades
  1576 | D:2      | Reached skill level 1 in Maces & Flails
  1576 | D:2      | Reached skill level 1 in Polearms
  1576 | D:2      | Reached skill level 1 in Staves
  1576 | D:2      | Reached skill level 1 in Ranged Weapons
  1576 | D:2      | Reached skill level 1 in Throwing
  1576 | D:2      | Reached skill level 1 in Armour
  1576 | D:2      | Reached skill level 1 in Stealth
  1576 | D:2      | Reached skill level 1 in Shields
  1576 | D:2      | Reached skill level 1 in Unarmed Combat
  1576 | D:2      | Reached skill level 1 in Evocations
  2072 | D:3      | Gained mutation: You are partially covered in iridescent
                  | scales. (AC +2) [potion of mutation]
  2072 | D:3      | Gained mutation: You have a pair of small antennae on your
                  | head. [potion of mutation]
  2072 | D:3      | Gained mutation: You are strong-willed. (Will+) [potion of
                  | mutation]
  2072 | D:3      | Gained mutation: You are agile. (Dex +4, Str/Int -1)
                  | [potion of mutation]
  2158 | D:3      | Reached skill level 1 in Hexes
  2158 | D:3      | Reached skill level 1 in Summonings
  2158 | D:3      | Reached skill level 1 in Necromancy
  2158 | D:3      | Reached skill level 1 in Translocations
  2158 | D:3      | Reached skill level 1 in Fire Magic
  2158 | D:3      | Reached skill level 1 in Ice Magic
  2158 | D:3      | Reached skill level 1 in Air Magic
  2158 | D:3      | Reached skill level 1 in Earth Magic
  2158 | D:3      | Reached skill level 1 in Alchemy
  2158 | D:3      | Reached skill level 1 in Shapeshifting
  2158 | D:3      | Reached XP level 4. HP: 18/38 MP: 11/11
  2468 | D:3      | Found a shadowy altar of Dithmenos.
  2571 | D:3      | Reached ** piety under Dithmenos
  2788 | D:3      | Reached XP level 5. HP: 23/43 MP: 12/12
  2987 | D:4      | Identified the +3 ring mail "Zimmifo" {rF+ rC- rCorr Int+4}
  3079 | D:4      | Found a sacrificial altar of Ru.
  3277 | D:4      | Splashed by a jelly's acid

Illustrated notes

Levels and vault maps discovered:
D:1:      psy_arrival_heroes, layout_loops_ring,
          hellmonk_ecumenical_altar_crossroads
D:2:      layout_basic
D:3:      layout_basic, nicolae_dithmenos_the_darkroom
D:4:      layout_loops_ring, nicolae_ru_awakened_eye, uniq_ijyb

Skill      XL: |  1  2  3  4  5 |
---------------+----------------+-----
Spellcasting   | 5 |  5.3
Invocations    | 1 2 |  2.0
Short Blades   | 1 |  1.7
Long Blades    | 1 |  1.7
Maces & Flails | 1 |  1.7
Polearms       | 1 |  1.7
Staves         | 1 |  1.7
Ranged Weapons | 1 |  1.7
Throwing       | 1 |  1.7
Armour         | 1 |  1.7
Stealth        | 1 |  1.7
Shields        | 1 |  1.7
Unarmed Combat | 1 |  1.7
Evocations     | 1 |  1.7
Hexes          | 1 |  1.3
Summonings     | 1 |  1.3
Necromancy     | 1 |  1.3
Translocations | 1 |  1.3
Fire Magic     | 1 |  1.3
Ice Magic      | 1 |  1.3
Air Magic      | 1 |  1.3
Earth Magic    | 1 |  1.3
Alchemy        | 1 |  1.3
Shapeshifting  | 1 |  1.5
Fighting       | |  4.9
Axes           | |  6.7
Dodging        | |  4.9
Conjurations   | |  5.6

Action                     |  1- 3 |  4- 6 || total
---------------------------+-------+-------++-------
  Melee: Hand axe          |   128 |    16 ||   144
         Bite              |    16 |    34 ||    50
         Dagger            |       |   196 ||   196
  Evoke: Wand              |       |     3 ||     3
    Use: Scroll            |     5 |       ||     5
         Potion            |     1 |       ||     1
   Stab: Sleeping          |     2 |     3 ||     5
 Armour: Leather armour    |    47 |    75 ||   122
  Dodge: Dodged            |    76 |   156 ||   232
  Block: Other             |    20 |    46 ||    66
         Reflection        |       |     1 ||     1

Table legend: (Time is in decaauts)
 A = Elapsed time spent in this place.
 B = Non-inter-level travel time spent in this place.
 C = Inter-level travel time spent in this place.
 D = Time resting spent in this place.
 E = Time spent auto-exploring this place.
 F = Levels seen in this place.
 G = Mean time per level.
                   A        B        C        D        E       F      G
               +--------+--------+--------+--------+--------+-----+--------+
         Total |   3256 |   3204 |     52 |    342 |   1972 |   4 |  814.0 |
       Dungeon |   3256 |   3204 |     52 |    342 |   1972 |   4 |  814.0 |
               +--------+--------+--------+--------+--------+-----+--------+

Top non-repeatable levels by time:
     D:2: 1076 daAuts
     D:1: 959 daAuts
     D:3: 901 daAuts
     D:4: 320 daAuts
